 Dungeon Crawl Stone Soup version 0.25-a0-302-g9f758675c1 (webtiles) character file.

Game seed: 3024223398684397080, levelgen mode: deterministic

91817 mopl the Ruffian (level 15, -3/140 HPs)
             Began as a Troll Arcane Marksman on Dec 20, 2019.
             Was a High Priest of Okawaru.
             Slain by a white ugly thing (34 damage)
             ... on level 15 of the Dungeon.
             The game lasted 01:15:46 (24616 turns).

mopl the Ruffian (Troll Arcane Marksman)           Turns: 24616, Time: 01:15:47

Health: -3/140     AC:  8    Str: 25    XL:     15   Next: 56%
Magic:  19/19      EV: 12    Int:  9    God:    Okawaru [*****.]
Gold:   2771       SH: 10    Dex: 11    Spells: 16/20 levels left

rFire    . . .     SeeInvis .   a - +7 demon trident (flame)
rCold    . . .     Gourm    +   k - +0 shield {reflect}
rNeg     + . .     Faith    .   F - +2 robe {MR+}
rPois    +         Spirit   .   x - +0 hat "Nehiafaf" {Regen+ Str+3 Dex-4} (curse)
rElec    .         Reflect  +   j - scarf {repulsion}
rCorr    .         Harm     .   (gloves unavailable)
MR       ++...                  (boots unavailable)
Stlth    ++........             (no amulet)
HPRegen  1.13/turn              D - ring of poison resistance
MPRegen  0.16/turn              q - ring of positive energy

@: repel missiles
A: large, unfitting armour, claws 3, fast metabolism 3, gourmand, regeneration
1, shaggy fur 1, tough skin 3
a: Heroism, Finesse, Renounce Religion


You were on level 15 of the Dungeon.
You worshipped Okawaru.
Okawaru was extremely pleased with you.
You were very full.

You visited 4 branches of the dungeon, and saw 24 of its levels.
You also visited: Sewer, Ossuary, Bailey and Gauntlet.

You collected 2962 gold pieces.
You spent 191 gold pieces at shops.

Inventory:

Hand Weapons
 a - a +7 demon trident of flaming (weapon)
 i - a +0 hunting sling
 p - the +1 dagger of Odiolad {elec, +Blink rElec rN++ Int-2}
   (You found it on level 4 of the Dungeon)

   Occasionally, upon striking a foe, it will discharge some electrical energy
   and cause terrible harm.
   It affects your intelligence (-2).
   It insulates you from electricity.
   It greatly protects you from negative energy.
   It lets you blink.
 X - a +2 hand axe of flaming
Missiles
 b - 128 sling bullets
 c - 50 large rocks
 d - 8 throwing nets
 l - 22 javelins
 t - 24 poisoned darts
 y - 23 boomerangs
 A - 6 curare-tipped darts (quivered)
 G - 7 datura-tipped darts
 U - 9 atropa-tipped darts
Armour
 j - a scarf of repulsion (worn)
 k - a +0 shield of reflection (worn)
 x - the cursed +0 hat "Nehiafaf" (worn) {Regen+ Str+3 Dex-4}
   (You found it in a Gauntlet)

   It affects your strength (+3).
   It affects your dexterity (-4).
   It increases your rate of regeneration.
   It has a curse placed upon it.
 F - a +2 robe of magic resistance (worn)
 L - +0 fire dragon scales
Magical Staves
 z - an uncursed staff of earth
Jewellery
 q - a ring of positive energy (right claw)
 D - a ring of poison resistance (left claw)
Wands
 m - a wand of digging (7)
 H - a wand of iceblast (18)
 J - a wand of enslavement (5)
 S - a wand of acid (24)
 V - a wand of polymorph (31)
 Y - a wand of scattershot (7)
Scrolls
 o - 5 scrolls of remove curse
 s - 3 scrolls of fog
 w - 2 scrolls of vulnerability
 B - 13 scrolls of teleportation
 C - 2 scrolls of magic mapping
 K - 2 scrolls of fear
 O - a scroll of blinking
Potions
 g - a potion of berserk rage {!q}
 h - 7 potions of heal wounds
 n - 2 potions of cancellation
 r - 11 potions of curing
 u - 4 potions of agility
 v - 3 potions of brilliance
 E - a potion of ambrosia
 I - 5 potions of might
 M - 6 potions of resistance
 N - a potion of magic
 P - 8 potions of flight
 Q - a potion of invisibility
 R - 7 potions of lignification {!q}
 T - 3 potions of haste
Miscellaneous
 e - a lightning rod (4/4)
 W - a phial of floods
 Z - 3 boxes of beasts
Comestibles
 f - 48 rations


   Skills:
 - Level 7.0 Fighting
 + Level 6.3(6.8) Axes
 + Level 3.3(5.2) Polearms
 + Level 5.1(6.2) Slings
 - Level 7.0(8.3) Throwing
 + Level 6.5 Armour
 - Level 7.0 Dodging
 + Level 2.3 Stealth
 - Level 7.0 Shields
 - Level 7.0 Unarmed Combat
 + Level 3.4 Spellcasting
 + Level 5.9 Hexes
 + Level 4.2 Necromancy
 + Level 5.2 Translocations
 - Level 7.0 Invocations
 - Level 7.0 Evocations


You had 16 spell levels left.
You knew the following spells:

 Your Spells              Type           Power        Failure   Level  Hunger
a - Apportation           Tloc           ##....       4%          1    #......
b - Corona                Hex            ##.....      3%          1    #......
c - Confusing Touch       Hex            ##....       3%          1    #......
x - Animate Skeleton      Necr           N/A          8%          1    #......

Your spell library contained the following spells:

 Spells                   Type           Power        Failure   Level  Hunger
 Slow                     Hex            ##......     6%          2    ###....
 Confuse                  Hex            ##......     12%         3    ###....
 Tukima's Dance           Hex            ##......     12%         3    ###....
 Portal Projectile        Hex/Tloc       ##....       13%         3    ###....
 Ensorcelled Hibernation  Hex/Ice        #.....       21%         2    ###....
 Dazzling Flash           Conj/Hex       #.....       36%         3    ###....
 Inner Flame              Hex/Fire       #.......     36%         3    ###....
 Summon Guardian Golem    Hex/Summ       #.......     36%         3    ###....
 Cause Fear               Hex            ##........   36%         4    #####..
 Beastly Appendage        Tmut           #.....       41%         1    #......
 Magic Dart               Conj           #...         41%         1    #......
 Sting                    Tmut/Pois      #...         41%         1    #......
 Summon Small Mammal      Summ           #...         41%         1    #......
 Recall                   Summ/Tloc      N/A          41%         3    ###....
 Call Imp                 Summ           #.......     54%         2    ###....
 Poisonous Vapours        Pois/Air       #.....       54%         2    ###....
 Searing Ray              Conj           #.....       54%         2    ###....
 Sticks to Snakes         Tmut           #.......     54%         2    ###....
 Animate Dead             Necr           N/A          58%         4    #####..
 Call Canine Familiar     Summ           #.......     78%         3    ###....
 Ignite Poison            Fire/Tmut/Pois #.......     78%         3    ###....
 Mephitic Cloud           Conj/Pois/Air  #.......     78%         3    ###....
 Spider Form              Tmut/Pois      #.........   78%         3    ###....
 Fulminant Prism          Conj/Hex       #.........   78%         4    #####..
 Leda's Liquefaction      Hex/Erth       #.........   78%         4    #####..
 Iskenderun's Mystic Bla  Conj/Tloc      #.......     83%         4    #####..
 Ice Form                 Ice/Tmut       #.......     99%         4    #####..
 Olgreb's Toxic Radiance  Pois           #.......     99%         4    #####..
 Summon Ice Beast         Ice/Summ       #.......     99%         4    #####..
 Summon Lightning Spire   Summ/Air       #.......     99%         4    #####..
 Borgnjor's Vile Clutch   Necr/Erth      #.........   99%         5    ######.
 Blade Hands              Tmut           #.........   100%        5    ######.
 Death Channel            Necr           #.........   100%        6    #######
 Simulacrum               Ice/Necr       #.........   100%        6    #######
 Chain Lightning          Conj/Air       #.........   100%        8    #######
 Lehudib's Crystal Spear  Conj/Erth      #.........   100%        8    #######
 Fire Storm               Conj/Fire      #.........   100%        9    #######
 Glaciate                 Conj/Ice       #.........   100%        9    #######


Dungeon Overview and Level Annotations

Branches:
Dungeon (15/15)            Temple (1/1) D:6            Lair (6/6) D:9
 Shoals (0/4) Lair:2        Snake (0/4) Lair:2        Slime (0/5) Lair:5
    Orc (2/2) D:12            Elf (0/3) Orc:2        Vaults (0/5) D:14
 Depths (0/5) D:15          Sewer (visited)         Ossuary (visited)
 Bailey (visited)         Gauntlet (visited)

Altars:
Ashenzari
Cheibriados
Dithmenos
Elyvilon
Fedhas
Gozag
Hepliaklqana
Makhleb
Nemelex Xobeh
Okawaru
Ru
Sif Muna
Trog
Uskayaw
Wu Jian
Xom
Yredelemnul
Zin
The Shining One
Beogh

Shops:
D:8 (   D:10 *   D:12 ([   D:15 *   Orc:1 (   Orc:2 ([*:

Annotations:
Lair:1 3 runed translucent doors, kaychamo's ghost, journeyman TeFi
Lair:5 2 transporters, Komil's ghost, journeyman FeBe
Lair:6 set fire


Innate Abilities, Weirdness & Mutations

You are too large for most types of armour.
You have claws for hands.
Your metabolism is lightning-fast.
You like to eat raw meat.
Your natural rate of healing is unusually fast.
You are covered in fur. (AC +1)
You have extremely tough skin. (AC +3)


Message History

The floor.
Unknown command.
Unknown command.
Evoke which item? (* to show all) (? for menu, Esc to quit)
Okay, then.
Unknown command.
Okay, then.
Evoke which item? (* to show all) (? for menu, Esc to quit)
Okay, then.
Unknown command.
Unknown command.
Throwing (i - inventory. (/) - cycle)
A - 7 curare-tipped darts (quivered)
Press: ? - help, Shift-Dir - straight line, f/p - white ugly thing
Aim: a white ugly thing (heavily wounded)
You throw a curare-tipped dart.
The curare-tipped dart closely misses the white ugly thing.
The white ugly thing claws you.
* * * LOW HITPOINT WARNING * * *
The white ugly thing freezes you!!
You die...

#### **.....,,, #..##
###..##**** ##..## ###
###.....#* #...####.##
##(†.#....# *
##...##...####.†####$..#***
##........#)..##***#...#*,
##.......))### *,,*#.uu..
##.......u## *,,,,.....
#.......@..# **,,,,#...
###........<.## *,,,,*..#
#.............# **,**#..#
#.............### **##....
#.......(.......######...#,
#.................##...###*
#.....................#..##
#.........................#
#................#.........


You could see a white ugly thing.

Vanquished Creatures
  Rupert (D:14)
  Donald (Orc:1)
  6 dire elephants (Lair:6)
  A minotaur (Gauntlet)
  A death ooze (Gauntlet)
  2 fire dragons (D:15)
  5 hydras
  An ice dragon (D:14)
  A catoblepas (Lair:3)
  5 two-headed ogres
  An anaconda (Lair:6)
  7 centaur warriors
  2 tengu warriors
  Urug (Orc:1)
  2 orc high priests (Orc:2)
  An unseen horror (D:15)
  A deep elf archer (D:14)
  3 wizards
  An obsidian statue (Gauntlet)
  A necromancer (D:14)
  14 ugly things
  4 orc knights
  4 orc sorcerers
  2 oklob plants
  4 cyclopes
  Maurice (Orc:1)
  10 elephants
  2 guardian serpents (D:12)
  A centaur zombie (D:12)
  An eye of devastation (Gauntlet)
  A black mamba (Lair:3)
  10 spiny frogs
  2 gargoyles
  A centaur skeleton (D:14)
  2 efreet (D:14)
  2 rime drakes
  8 komodo dragons
  A freezing wraith (D:14)
  A tengu conjurer (D:13)
  2 trolls
  2 hornets
  A harpy skeleton (D:13)
  8 slime creatures
  12 hippogriffs
  9 blink frogs
  A centaur simulacrum (D:14)
  A shadow (D:11)
  A vampire (D:13)
  A wraith (D:10)
  5 wyverns
  39 yaks
  4 hogs (D:7)
  2 hungry ghosts
  7 vampire mosquitoes
  A golden eye (Gauntlet)
  22 humans
  2 nagas (Lair:2)
  5 wargs
  A floating eye (Gauntlet)
  13 water moccasins
  Purgy (Sewer)
  29 orc warriors
  2 ice beasts
  8 porcupines
  5 sky beasts
  A swamp drake (D:11)
  3 black bears
  A black bear (shapeshifter) (D:14)
  A necrophage (D:12)
  A hornet zombie (D:7)
  15 ogres
  3 phantoms
  14 centaurs
  6 wolves (Lair:6)
  16 crocodiles
  2 big kobolds (D:10)
  16 bullfrogs
  8 gnoll sergeants
  3 water moccasin zombies (Ossuary)
  A wyvern zombie (D:9)
  5 scorpions
  A wyvern skeleton (D:14)
  11 killer bees
  14 wights
  2 electric eels
  9 crimson imps
  7 howler monkeys
  A quasit (D:10)
  3 bullfrog zombies
  7 jellies
  2 bullfrog skeletons
  5 gnoll shamans (Bailey)
  9 hounds
  32 orc priests
  31 orc wizards
  5 iguanas
  9 worker ants
  A big kobold zombie (Ossuary)
  2 mummies (Ossuary)
  A howler monkey skeleton (D:9)
  2 worker ant zombies
  11 adders
  28 gnolls
  4 shadow imps
  7 oozes
  4 adder zombies
  A worm (D:4)
  2 dart slugs (D:1)
  8 leopard geckos
  99 orcs
  9 giant cockroaches
  15 goblins
  10 hobgoblins
  12 jackals
  5 quokkas
  3 ball pythons
  3 bats
  6 frilled lizards
  2 gnoll zombies (Ossuary)
  5 hobgoblin zombies (Ossuary)
  26 kobolds
  5 kobold zombies (Ossuary)
  2 orc zombies (Ossuary)
  A quokka skeleton (D:6)
  10 rats
  A spectral orc (D:3)
  5 plants
833 creatures vanquished.

Vanquished Creatures (collateral kills)
  A gnoll sergeant (Bailey)
  2 orc wizards
  An orc (Orc:1)
4 creatures vanquished.

Vanquished Creatures (others)
  An orc warlord (Orc:2)
  An ugly thing (D:15)
  A hippogriff (Lair:5)
  A yak (D:14)
  A gnoll shaman (Bailey)
  8 fungi (D:9)
  9 plants
22 creatures vanquished.

Grand Total: 859 creatures vanquished

Notes
Turn   | Place    | Note
-------+----------+-------------------------------------------
     0 | D:1      | mopl the Troll Arcane Marksman began the quest for the Orb.
     0 | D:1      | Reached XP level 1. HP: 18/18 MP: 1/1
    32 | D:1      | Reached skill level 1 in Fighting
    76 | D:1      | Reached skill level 2 in Throwing
   101 | D:1      | Reached XP level 2. HP: 27/27 MP: 2/2
   139 | D:1      | Reached skill level 1 in Unarmed Combat
   243 | D:1      | Reached XP level 3. HP: 31/33 MP: 3/3
   950 | D:2      | Reached skill level 2 in Unarmed Combat
   989 | D:2      | Reached XP level 4. HP: 42/42 MP: 4/4
  1256 | D:2      | Reached skill level 2 in Fighting
  1460 | D:3      | Reached skill level 3 in Throwing
  1460 | D:3      | Reached XP level 5. HP: 26/49 MP: 5/5
  1737 | D:3      | Found a basalt altar of Yredelemnul.
  1822 | D:3      | Reached skill level 1 in Evocations
  2164 | D:4      | Reached skill level 3 in Unarmed Combat
  2266 | D:4      | Reached XP level 6. HP: 59/59 MP: 6/6
  2296 | D:4      | Got a fine dagger
  2482 | D:4      | Reached skill level 3 in Fighting
  2566 | D:5      | Entered Level 5 of the Dungeon
  2740 | D:5      | Reached skill level 2 in Evocations
  2740 | D:5      | Reached XP level 7. HP: 62/67 MP: 7/7
  2979 | D:4      | Reached skill level 4 in Throwing
  3244 | D:5      | Reached skill level 4 in Unarmed Combat
  3589 | D:5      | Reached skill level 4 in Fighting
  3589 | D:5      | Reached XP level 8. HP: 77/78 MP: 9/9
  3600 | D:5      | Reached skill level 3 in Evocations
  3965 | D:5      | Reached skill level 5 in Unarmed Combat
  4011 | D:5      | Reached skill level 5 in Throwing
  4240 | D:6      | Found a staircase to the Ecumenical Temple.
  4257 | Temple   | Entered the Ecumenical Temple
  4293 | Temple   | Became a worshipper of Warmaster Okawaru
  4433 | D:6      | Reached skill level 1 in Invocations
  4444 | D:6      | Found a glowing drain.
  4464 | Sewer    | Entered a sewer
  4517 | Sewer    | Noticed Purgy
  4524 | Sewer    | Killed Purgy
  4609 | D:6      | Reached * piety under Okawaru
  4681 | D:6      | Reached XP level 9. HP: 60/87 MP: 10/10
  4804 | D:6      | Reached skill level 2 in Invocations
  5034 | D:6      | Reached skill level 5 in Fighting
  5034 | D:6      | Reached skill level 4 in Evocations
  5039 | D:6      | Reached skill level 6 in Unarmed Combat
  5370 | D:7      | Reached ** piety under Okawaru
  5370 | D:7      | Reached skill level 6 in Throwing
  5372 | D:7      | Reached skill level 2 in Dodging
  5494 | D:7      | Reached skill level 3 in Invocations
  6028 | D:8      | Found a flagged portal.
  6051 | Bailey   | Entered a bailey
  6169 | Bailey   | Reached XP level 10. HP: 33/98 MP: 12/12
  6247 | Bailey   | Reached *** piety under Okawaru
  6318 | Bailey   | Reached skill level 3 in Dodging
  6522 | D:8      | Identified 2 scrolls of acquirement
  6553 | D:8      | Reached skill level 7 in Unarmed Combat
  6565 | D:8      | Reached skill level 4 in Invocations
  6573 | D:8      | Reached skill level 6 in Fighting
  6612 | D:8      | Found a sand-covered staircase.
  6622 | Ossuary  | Entered an ossuary
  6734 | Ossuary  | Reached skill level 5 in Evocations
  6805 | D:8      | Noticed a two-headed ogre
  6823 | D:8      | Killed a two-headed ogre
  6823 | D:8      | Reached **** piety under Okawaru
  6823 | D:8      | Reached skill level 7 in Throwing
  6983 | D:8      | Got an ichor-stained hat
  6989 | D:8      | Identified the +0 hat of Conscience {rPois rF- Dex+9
                  | Stlth-} (You acquired it on level 8 of the Dungeon)
  7054 | D:8      | Noticed a two-headed ogre
  7069 | D:8      | Killed a two-headed ogre
  7069 | D:8      | Reached skill level 1 in Armour
  7069 | D:8      | Reached skill level 1 in Shields
  7074 | D:8      | Reached skill level 4 in Dodging
  7120 | D:8      | Reached ***** piety under Okawaru
  7120 | D:8      | Received a gift from Okawaru
  7286 | D:8      | Found Cizorph's Weapon Emporium.
  7954 | D:9      | Reached skill level 2 in Shields
  8064 | D:9      | Reached XP level 11. HP: 97/107 MP: 14/14
  8112 | D:9      | Found a staircase to the Lair.
  8156 | D:9      | Reached skill level 5 in Invocations
  8347 | D:9      | Learned a level 1 spell: Apportation
  8508 | D:9      | Got a sheer robe
  8519 | D:9      | Identified the +2 robe of the Good {rElec rPois Str+9
                  | Slay-3} (You found it on level 9 of the Dungeon)
  8698 | D:9      | Reached skill level 1 in Axes
  9028 | D:10     | Entered Level 10 of the Dungeon
  9237 | D:10     | Noticed a two-headed ogre
  9247 | D:10     | Killed a two-headed ogre
  9247 | D:10     | Reached skill level 2 in Armour
  9270 | D:10     | Noticed a two-headed ogre
  9283 | D:10     | Killed a two-headed ogre
  9283 | D:10     | Reached skill level 3 in Shields
  9550 | D:10     | Received a gift from Okawaru
  9550 | D:10     | Reached skill level 1 in Slings
  9673 | D:10     | Reached skill level 3 in Hexes
  9734 | D:10     | Found Hez Fierch's General Store.
  9737 | D:10     | Bought a potion of might for 40 gold pieces
  9737 | D:10     | Bought a potion of flight for 30 gold pieces
  9901 | D:11     | Noticed an eight-headed hydra
  9904 | D:11     | Reached skill level 2 in Axes
 10349 | D:11     | Reached skill level 7 in Fighting
 10667 | D:11     | Killed an eight-headed hydra
 10667 | D:11     | Reached skill level 4 in Shields
 10836 | Lair:1   | Entered Level 1 of the Lair of Beasts
 11023 | Lair:1   | Received a gift from Okawaru
 11023 | Lair:1   | Reached skill level 6 in Evocations
 11072 | Lair:1   | Reached XP level 12. HP: 100/118 MP: 12/15
 11250 | Lair:1   | Found a runed translucent gate.
 11250 | Lair:1   | Found a runed translucent gate.
 11250 | Lair:1   | Found a runed translucent gate.
 11307 | Lair:1   | Reached skill level 5 in Dodging
 11327 | Lair:1   | Reached skill level 3 in Armour
 11327 | Lair:1   | Reached skill level 1 in Translocations
 11377 | Lair:1   | Noticed an ice dragon
 11666 | Lair:1   | Noticed kaychamo's ghost (journeyman TeFi)
 11733 | Lair:2   | Found a staircase to the Shoals.
 11766 | Lair:2   | Reached skill level 2 in Slings
 11795 | Lair:2   | Received a gift from Okawaru
 11872 | Lair:2   | Found a staircase to the Snake Pit.
 11888 | Lair:2   | Reached skill level 3 in Axes
 11888 | Lair:2   | Reached skill level 6 in Invocations
 12280 | Lair:2   | Reached skill level 5 in Shields
 12608 | Lair:3   | Received a gift from Okawaru
 12685 | Lair:3   | Reached skill level 2 in Translocations
 12897 | Lair:3   | Noticed a catoblepas
 12913 | Lair:3   | Killed a catoblepas
 13457 | Lair:3   | Reached skill level 4 in Hexes
 13516 | Lair:4   | Noticed a four-headed hydra
 13532 | Lair:4   | Killed a one-headed hydra
 13537 | Lair:4   | Received a gift from Okawaru
 13620 | Lair:4   | Reached XP level 13. HP: 91/124 MP: 14/16
 13647 | Lair:4   | Learned a level 1 spell: Confusing Touch
 13706 | Lair:4   | Reached skill level 4 in Armour
 14126 | Lair:4   | Reached skill level 6 in Shields
 14422 | Lair:5   | Found a staircase to the Slime Pits.
 14489 | Lair:5   | Got a pitted longbow
 14490 | Lair:5   | Identified the cursed +0 longbow "Hakhlikac" {flame, rElec
                  | Dex+3} (You found it on level 5 of the Lair of Beasts)
 14598 | Lair:5   | Found a transporter.
 14604 | Lair:5   | Identified the cursed +0 trident of the Dwarven Hall
                  | {drain, Str+6 Dex+4}
 14604 | Lair:5   | Noticed Komil's ghost (journeyman FeBe)
 14604 | Lair:5   | Identified the +7 rapier of the Pit {elec, *Drain rF+
                  | Stlth+}
 14649 | Lair:5   | Found a bloodstained altar of Trog.
 14658 | Lair:5   | Found a transporter.
 14690 | Lair:5   | Reached skill level 4 in Axes
 14690 | Lair:5   | Reached skill level 3 in Slings
 14986 | Lair:5   | Reached skill level 6 in Dodging
 15664 | Lair:6   | Entered Level 6 of the Lair of Beasts
 15725 | Lair:6   | Reached skill level 3 in Translocations
 15864 | Lair:6   | Received a gift from Okawaru
 16704 | Lair:6   | Reached skill level 7 in Invocations
 16859 | Lair:6   | Noticed a dire elephant
 16971 | Lair:6   | Noticed a dire elephant
 16988 | Lair:6   | Killed a dire elephant
 17016 | Lair:6   | Killed a dire elephant
 17016 | Lair:6   | Reached skill level 7 in Evocations
 17177 | Lair:6   | Learned a level 1 spell: Animate Skeleton
 17187 | Lair:6   | Noticed a dire elephant
 17187 | Lair:6   | Noticed a dire elephant
 17204 | Lair:6   | Killed a dire elephant
 17204 | Lair:6   | Reached skill level 7 in Shields
 17209 | Lair:6   | Killed a dire elephant
 17290 | Lair:6   | Noticed a dire elephant
 17305 | Lair:6   | Killed a dire elephant
 17345 | Lair:6   | Noticed a dire elephant
 17358 | Lair:6   | Killed a dire elephant
 17358 | Lair:6   | Reached skill level 5 in Armour
 17568 | D:12     | Reached skill level 1 in Necromancy
 17674 | D:12     | Reached XP level 14. HP: 118/133 MP: 16/18
 17709 | D:12     | Received a gift from Okawaru
 17843 | D:12     | Identified the cursed +1 dagger of Odiolad {elec, +Blink
                  | rElec rN++ Int-2} (You found it on level 4 of the Dungeon)
 18045 | D:11     | Reached skill level 5 in Axes
 18134 | D:12     | Found Gugeutor's Armour Emporium.
 18135 | D:12     | Found a staircase to the Orcish Mines.
 18140 | D:12     | Found Xurionk's Weapon Emporium.
 18541 | Orc:1    | Entered Level 1 of the Orcish Mines
 18541 | Orc:1    | Found Myats's Antique Weapon Shoppe.
 18544 | Orc:1    | Noticed Urug
 18586 | Orc:1    | Killed Urug
 18586 | Orc:1    | Received a gift from Okawaru
 18714 | Orc:2    | Entered Level 2 of the Orcish Mines
 18767 | Orc:1    | Noticed Maurice
 18773 | Orc:1    | Killed Maurice
 19008 | Orc:1    | Reached skill level 4 in Translocations
 19112 | Orc:2    | Reached skill level 4 in Slings
 19112 | Orc:2    | Reached skill level 5 in Hexes
 19323 | Orc:2    | Noticed an orc warlord
 19326 | Orc:2    | Noticed Donald
 19365 | Orc:1    | Killed Donald
 19365 | Orc:1    | Reached skill level 2 in Spellcasting
 19365 | Orc:1    | Reached skill level 2 in Necromancy
 19413 | Orc:1    | Received a gift from Okawaru
 19655 | Orc:2    | Found a roughly hewn altar of Beogh.
 19723 | Orc:2    | Found Geystuol's Antique Weapon Shoppe.
 19756 | Orc:2    | Found Joet's General Store.
 19883 | Orc:2    | Found a staircase to the Elven Halls.
 20021 | Orc:2    | Found Vuwuk's Antique Armour Shoppe.
 20037 | Orc:2    | Found Zaokopra's Book Shoppe.
 20246 | Orc:1    | Reached skill level 1 in Polearms
 20257 | Orc:1    | Received a gift from Okawaru
 20257 | Orc:1    | Reached skill level 7 in Dodging
 21184 | D:13     | Found a roughly hewn altar of Beogh.
 21558 | D:13     | Reached skill level 1 in Stealth
 21609 | D:13     | Reached skill level 3 in Necromancy
 21876 | D:13     | Received a gift from Okawaru
 22030 | D:14     | Reached skill level 2 in Polearms
 22268 | D:14     | Reached skill level 6 in Armour
 22485 | D:14     | Reached XP level 15. HP: 138/140 MP: 19/19
 22530 | D:14     | Found a gate to the Vaults.
 22660 | D:14     | Noticed Rupert
 22710 | D:14     | Paralysed by Rupert for 5 turns
 22743 | D:14     | Killed Rupert
 22743 | D:14     | Reached skill level 6 in Axes
 22909 | D:14     | Reached skill level 3 in Spellcasting
 22915 | D:14     | Received a gift from Okawaru
 23048 | D:14     | Reached skill level 5 in Translocations
 23452 | D:15     | Entered Level 15 of the Dungeon
 23473 | D:15     | Reached skill level 2 in Stealth
 23543 | D:15     | Found a gate leading to a gauntlet.
 23574 | Gauntlet | Entered a Gauntlet
 23574 | Gauntlet | Found a transporter.
 23574 | Gauntlet | Found a transporter.
 23576 | Gauntlet | Found a transporter.
 23576 | Gauntlet | Found a transporter.
 23580 | Gauntlet | Found a transporter.
 23581 | Gauntlet | Found a transporter.
 23613 | Gauntlet | Found a transporter.
 23616 | Gauntlet | Found a transporter.
 23630 | Gauntlet | Found a transporter.
 23643 | Gauntlet | Found a transporter.
 23657 | Gauntlet | Found a transporter.
 23661 | Gauntlet | Found a transporter.
 23699 | Gauntlet | Reached skill level 3 in Polearms
 23703 | Gauntlet | Got a slimy tin ring
 23705 | Gauntlet | Identified the ring "Volunun" {Str+2 Stlth+} (You found it
                  | in a Gauntlet)
 23767 | Gauntlet | Got a polished war axe
 23797 | Gauntlet | Reached skill level 5 in Slings
 23797 | Gauntlet | Reached skill level 4 in Necromancy
 23810 | Gauntlet | Identified the +9 war axe of Gigac {freeze, Dex+4} (You
                  | found it in a Gauntlet)
 23820 | Gauntlet | Got a scorched hat
 23826 | Gauntlet | Identified the cursed +0 hat "Nehiafaf" {Regen+ Str+3
                  | Dex-4} (You found it in a Gauntlet)
 23832 | Gauntlet | Identified the +7 quarterstaff "Brush" {drain, +Rage Int+4}
 24088 | D:15     | Found Kewn's General Store.
 24153 | D:15     | Bought a potion of curing for 33 gold pieces
 24153 | D:15     | Bought a potion of cancellation for 88 gold pieces
 24452 | D:15     | Found a staircase to the Depths.
 24616 | D:15     | Slain by a white ugly thing

Levels and vault maps discovered:
D:1:      ncdulo_lavacross, layout_basic
D:2:      layout_basic, lexackson_kobold_supper
D:3:      layout_basic, yredelemnul_forgotten_temple_becter, first_ration
D:4:      layout_cave_pods
D:5:      layout_rooms
D:6:      layout_rooms, temple_fountains, cheibrodos_sewer_entry_drain,
          lightli_orcish_oven
D:7:      layout_cave_pools, grunt_livestock
D:8:      layout_cave_pods, serial_shops, shop, nicolae_ossuary_entry_monument,
          lightli_bailey_entry_fortress, minmay_starry_boxes
D:9:      layout_basic, due_lair_maze_entry_diamond
D:10:     layout_roguey, serial_shops, kennysheep_mini
D:11:     layout_cave_pools
D:12:     nrook_guardian_serpent_snake_passage, layout_cave_pools, orc_david_3
D:13:     layout_basic, corexii_leaking_fountain, david_defended_altar_orc
D:14:     layout_long_grid, grunt_vaults_entry_tiered,
          chequers_decorated_corner, minmay_shattered_shrine, uniq_rupert
D:15:     grunt_enter_depths_hoard, layout_cave_pods, gauntlet_entry_generic,
          serial_shops, shop
Temple:   nicolae_temple_the_god_donut
Lair:1:   layout_hall_layers, gammafunk_ghost_icy, minivault_19
Lair:2:   layout_loops_ring, shoals_dummy_entry, guppyfry_snake_entry_garden,
          columned_hall_lemuel, grunt_megastairs_2, serial_bayou_shore_b
Lair:3:   layout_gridlike
Lair:4:   layout_hall_layers, serial_bayou_shore_b, grunt_megastairs_3
Lair:5:   layout_layer_cave, nicolae_slime_entry_slimehenge,
          gammafunk_ghost_wrathful_warriors
Lair:6:   due_jungle_book, layout_gridlike
Orc:1:    layout_caves, serial_shops, shop_statue, nicolae_orc_rockfall,
          uniq_urug, uniq_maurice
Orc:2:    grunt_orc_cross, layout_diamond_mine, uniq_donald

Skill      XL: |  1  2  3  4  5  6  7  8  9 10 11 12 13 14 15 |
---------------+----------------------------------------------+-----
Fighting       | 1 2 3 4 5 6 7 |  7.0
Throwing       | 2 3 4 5 6 7 |  7.0
Unarmed Combat | 1 2 3 4 5 6 7 |  7.0
Evocations     | 1 2 3 4 5 6 7 |  7.0
Invocations    | 1 3 4 5 6 7 |  7.0
Dodging        | 2 4 5 6 7 |  7.0
Armour         | 1 2 3 5 6 |  6.5
Shields        | 2 4 5 7 |  7.0
Axes           | 2 3 4 5 6 |  6.3
Slings         | 1 2 3 4 5 |  5.1
Hexes          | 3 4 5 |  5.9
Translocations | 2 3 4 5 |  5.2
Necromancy     | 1 3 4 |  4.2
Spellcasting   | 2 3 |  3.4
Polearms       | 2 3 |  3.3
Stealth        | 1 2 |  2.3

Action                   |  1- 3 |  4- 6 |  7- 9 | 10-12 | 13-15 || total
-------------------------+-------+-------+-------+-------+-------++-------
Melee: Unarmed           |   155 |   196 |   398 |  1053 |  1133 ||  2935
       Punch             |     1 |     1 |     8 |     6 |       ||    16
       Hand axe          |       |       |       |    30 |    67 ||    97
       Demon trident     |       |       |       |       |   392 ||   392
Throw: Stone             |       |    12 |    14 |    23 |     4 ||    53
       Dart              |       |       |     6 |    47 |   103 ||   156
       Boomerang         |       |       |       |    30 |    77 ||   107
       Throwing net      |       |       |       |       |     1 ||     1
       Large rock        |       |       |       |       |     1 ||     1
 Cast: Apportation       |       |       |       |     1 |       ||     1
       Animate Skeleton  |       |       |       |       |     1 ||     1
Invok: Heroism           |       |       |       |    30 |    64 ||    94
       Finesse           |       |       |       |       |     7 ||     7
Evoke: Wand              |       |       |    15 |    16 |    21 ||    52
       Lightning rod     |       |       |       |       |     5 ||     5
  Use: Scroll            |       |       |     9 |    15 |    16 ||    40
       Potion            |       |       |       |       |     4 ||     4
 Stab: Sleeping          |     2 |     4 |     1 |       |     4 ||    11
       Paralysed         |       |       |    18 |     9 |       ||    27
       Distracted        |       |       |       |       |     2 ||     2
       Held in net/web   |       |       |       |       |     1 ||     1
  Eat: Chunk             |    15 |    16 |    32 |    77 |   104 ||   244
Armor: Robe              |    54 |    56 |   140 |   254 |   261 ||   765
Dodge: Dodged            |    73 |   113 |   205 |   402 |   525 ||  1318
       Deflected         |       |       |       |       |    22 ||    22
Block: Shield            |       |       |       |   383 |   683 ||  1066
       Reflection        |       |       |       |       |    17 ||    17

Table legend:
 A = Non-vault XP
 B = Vault XP
 C = Vault XP percentage of total XP
 D = Non-vault monster count
 E = Vault monster count
 F = Vault count percentage of total count
                 A         B        C        D         E       F
            +---------+---------+-------+---------+---------+-------
      Total |   90834 |   40334 |  30.7 |     611 |     222 |  26.7
            +---------+---------+-------+---------+---------+-------
        D:1 |      51 |       0 |   0.0 |      27 |       0 |   0.0
        D:2 |      58 |      15 |  20.5 |      17 |       8 |  32.0
        D:3 |     192 |       1 |   0.5 |      31 |       1 |   3.1
        D:4 |     763 |       0 |   0.0 |      22 |       0 |   0.0
        D:5 |     925 |       0 |   0.0 |      32 |       0 |   0.0
        D:6 |    1118 |     159 |  12.5 |      28 |       8 |  22.2
        D:7 |     782 |     980 |  55.6 |      14 |       5 |  26.3
        D:8 |    2972 |     686 |  18.8 |      39 |      16 |  29.1
        D:9 |    1208 |    1166 |  49.1 |      27 |      10 |  27.0
       D:10 |    5226 |       0 |   0.0 |      59 |       0 |   0.0
       D:11 |    3793 |       0 |   0.0 |      21 |       0 |   0.0
       D:12 |    4983 |    1199 |  19.4 |      30 |       9 |  23.1
       D:13 |   11177 |     122 |   1.1 |      46 |       3 |   6.1
       D:14 |    8187 |   14036 |  63.2 |      22 |      36 |  62.1
       D:15 |    7762 |    2128 |  21.5 |      27 |       2 |   6.9
     Lair:1 |    2448 |       0 |   0.0 |      10 |       0 |   0.0
     Lair:2 |    5285 |     899 |  14.5 |      19 |       4 |  17.4
     Lair:3 |    5303 |       0 |   0.0 |      18 |       0 |   0.0
     Lair:4 |    5756 |     991 |  14.7 |      22 |       6 |  21.4
     Lair:5 |    5700 |      99 |   1.7 |      20 |       4 |  16.7
     Lair:6 |   11977 |    2882 |  19.4 |      28 |       5 |  15.2
      Orc:1 |    1795 |    3797 |  67.9 |      17 |       6 |  26.1
      Orc:2 |    3373 |    5862 |  63.5 |      35 |      35 |  50.0
      Sewer |       0 |     148 | 100.0 |       0 |       6 | 100.0
    Ossuary |       0 |     335 | 100.0 |       0 |      23 | 100.0
     Bailey |       0 |    1118 | 100.0 |       0 |      29 | 100.0
   Gauntlet |       0 |    3711 | 100.0 |       0 |       6 | 100.0
            +---------+---------+-------+---------+---------+-------
